 Dungeon Crawl Stone Soup version 0.22-a0-512-g0943f25 (webtiles) character file.

984 CougarLife the Grappler (level 7, 0/71 HPs)
             Began as a Troll Monk on June 18, 2018.
             Slain by a sky beast (6 damage)
             ... on level 6 of the Dungeon.
             The game lasted 00:04:59 (4353 turns).

CougarLife the Grappler (Troll Monk)                Turns: 4353, Time: 00:04:59

Health: 0/71       AC:  5    Str: 21    XL:     7   Next: 97%
Magic:  6/6        EV: 15    Int:  7    God:
Gold:   317        SH:  0    Dex: 12    Spells: 6/6 levels left

rFire    . . .     SeeInvis .     - Unarmed
rCold    . . .     Gourm    +   (no shield)
rNeg     . . .     Faith    .   a - +0 robe
rPois    .         Spirit   .   (helmet restricted)
rElec    .         Reflect  .   (no cloak)
rCorr    .         Harm     .   (gloves unavailable)
MR       .....                  (boots unavailable)
Stlth    ++........             (no amulet)
HPRegen  0.61/turn              o - +4 ring of evasion
MPRegen  0.10/turn              (no ring)

@: lethally poisoned (0 -> -1)
A: large, unfitting armour, claws 3, fast metabolism 3, gourmand, regeneration
1, shaggy fur 1, tough skin 2
a: no special abilities


You were on level 6 of the Dungeon.
You were very full.

You visited 1 branch of the dungeon, and saw 6 of its levels.

You collected 317 gold pieces.

Inventory:

Missiles
 k - 3 large rocks (quivered)
Armour
 a - a +0 robe (worn)
Jewellery
 o - a +4 ring of evasion (left claw)
 y - an uncursed ring of stealth {unknown}
Wands
 t - a wand of disintegration (8)
 D - a wand of enslavement (13)
Scrolls
 c - 5 scrolls of remove curse
 f - 2 scrolls of enchant weapon {unknown}
 g - a scroll of magic mapping {unknown}
 h - 2 scrolls of amnesia {unknown}
 j - 4 scrolls of teleportation {unknown}
 l - 9 scrolls of identify {unknown}
 q - a scroll of fog {unknown}
 u - a scroll of enchant armour {unknown}
 v - a scroll of blinking {unknown}
 w - 2 scrolls of immolation {unknown}
Potions
 d - a potion of berserk rage {unknown}
 e - 4 potions of heal wounds {unknown}
 i - 2 potions of brilliance {unknown}
 m - 2 potions of curing {unknown}
 n - a potion of resistance {unknown}
 p - a potion of invisibility {unknown}
 r - 2 potions of might {unknown}
 s - 2 potions of ambrosia {unknown}
 z - a potion of magic {unknown}
 A - 2 potions of lignification {unknown}
 B - a potion of agility {unknown}
 C - a potion of flight {unknown}
Comestibles
 b - 14 rations


   Skills:
 + Level 4.8 Fighting
 - Level 3.0 Dodging
 - Level 1.0 Stealth
 - Level 8.0 Unarmed Combat


You had 6 spell levels left.
You didn't know any spells.
Your spell library contained the following spells:

 Spells                   Type           Power        Failure   Level  Hunger
 Lightning Bolt           Conj/Air       #.........   100%        5    ######.
 Shock                    Conj/Air       #...         43%         1    ##.....
 Swiftness                Chrm/Air       #.......     56%         2    ###....
 Spider Form              Tmut/Pois      #.........   80%         3    ####...
 Blade Hands              Tmut           #.........   100%        5    ######.
 Ice Form                 Ice/Tmut       #.......     99%         4    #####..
 Airstrike                Air            #.........   99%         4    #####..
 Sticks to Snakes         Tmut           #.......     56%         2    ###....
 Static Discharge         Conj/Air       #.......     80%         3    ####...
 Beastly Appendage        Tmut           #.....       43%         1    ##.....


Dungeon Overview and Level Annotations

Branches:
Dungeon (6/15)             Temple (0/1) D:5

Altars:
Dithmenos
Fedhas
Gozag
Kikubaaqudgha
Makhleb
Ru
Vehumet
The Shining One


Innate Abilities, Weirdness & Mutations

You are too large for most types of armour.
You have claws for hands.
Your metabolism is lightning-fast.
You like to eat raw meat.
Your natural rate of healing is unusually fast.
You are covered in fur. (AC +1)
You have very tough skin. (AC +2)


Message History

You are more poisoned.
The worker ant poisons you! Something hits you but does no damage.
You scratch the worker ant.
You kill the worker ant!
You feel sick. Something hits you. Something shocks you.
* * * LOW HITPOINT WARNING * * *
You feel sick.
You see here a worker ant corpse.
You feel sick. Something hits you.
* * * LOW HITPOINT WARNING * * *
Something shocks you.
* * * LOW HITPOINT WARNING * * *
You miss something.
You feel sick. Something hits you but does no damage.
You closely miss something.
You feel sick.
A bullfrog comes into view.
Something hits you but does no damage.
You scratch something. Something hits you.
* * * LOW HITPOINT WARNING * * *
Something shocks you.
You die...

.....#...# #.#
.##.#.###..###.#
.##.#.##.......#
...........###.#
#.)..#.##.#.###.# #....#
#.#......
#####....#.##.#.....#
##........#.##.#......
#.#....@......##.#.###.#
##......{.........#>.....
.......†)..#.######.#####
......###..#.######.#
..F...###...........#
..### #....%........# .
#......†##########
.....##.# ..... #.#


You could see a bullfrog.

Vanquished Creatures
  An ice beast (D:6)
  An ogre (D:6)
  2 bullfrogs
  A scorpion (D:4)
  A crimson imp (D:6)
  A centaur zombie (D:5)
  2 hounds (D:4)
  An orc priest (D:5)
  5 orc wizards
  4 worker ants
  A worker ant zombie (D:5)
  3 gnolls
  7 adders
  A shadow imp (D:6)
  An ooze (D:3)
  3 worms
  4 dart slugs
  4 leopard geckos
  15 orcs
  2 ball pythons
  3 giant cockroaches
  8 goblins
  11 hobgoblins
  3 jackals
  8 quokkas
  6 bats
  2 frilled lizards (D:2)
  2 kobolds
  A quokka zombie (D:2)
  5 rats
109 creatures vanquished.

Notes
Turn   | Place    | Note
-------+----------+-------------------------------------------
     0 | D:1      | CougarLife the Troll Monk began the quest for the Orb.
     0 | D:1      | Reached XP level 1. HP: 22/22 MP: 0/0
    38 | D:1      | Reached XP level 2. HP: 12/29 MP: 1/1
   532 | D:1      | Reached XP level 3. HP: 37/37 MP: 2/2
  1066 | D:2      | Reached XP level 4. HP: 43/45 MP: 3/3
  1157 | D:2      | Reached skill level 4 in Unarmed Combat
  2031 | D:3      | Reached XP level 5. HP: 51/53 MP: 4/4
  2063 | D:3      | Reached skill level 5 in Unarmed Combat
  2868 | D:4      | Reached skill level 6 in Unarmed Combat
  2868 | D:4      | Reached XP level 6. HP: 38/61 MP: 5/5
  3133 | D:4      | Found a blossoming altar of Fedhas.
  3222 | D:4      | Reached skill level 7 in Unarmed Combat
  3443 | D:5      | Entered Level 5 of the Dungeon
  3545 | D:5      | Reached XP level 7. HP: 67/67 MP: 6/6
  3855 | D:5      | Found a staircase to the Ecumenical Temple.
  3982 | D:5      | Found a glowing golden altar of the Shining One.
  4049 | D:5      | Reached skill level 8 in Unarmed Combat
  4075 | D:5      | Found a sacrificial altar of Ru.
  4075 | D:5      | Found a shadowy altar of Dithmenos.
  4080 | D:5      | Found an opulent altar of Gozag.
  4082 | D:5      | Found a faded altar of an unknown god.
  4084 | D:5      | Found an ancient bone altar of Kikubaaqudgha.
  4285 | D:6      | Found a burning altar of Makhleb.
  4285 | D:6      | Found a radiant altar of Vehumet.
  4353 | D:6      | Slain by a sky beast

Vault maps used:
D:1:      dpeg_arrival_brainrot, hex_large
D:2:      first_ration, st_stairs_1, minmay_liquid_box
D:3:      wad_woods_tower, mrwooster_statue_mirror
D:4:      wad_crossroads, fedhas_altar_1, kennysheep_generic_room_13
D:5:      lemuel_crystal_altar, chequers_temple_overflow_minitemple,
          minmay_temple_entry_glass, serial_bayou, serial_bayou_crossing,
          serial_bayou_lake_a, serial_bayou_pond_e, serial_bayou_shore_a,
          grunt_decor_cap, guppyfry_early_lair_pool
D:6:      grunt_temple_overflow_lords_of_destruction, lemuel_round_altar,
          portal_sewer_entry_b, grunt_decor_one_mirror,
          nicolae_qazlal_eye_of_the_storm, uniq_blork_the_orc

Skill      XL: |  1  2  3  4  5  6  7 |
---------------+----------------------+-----
Dodging        | 3 |  3.0
Fighting       | 3 4 |  4.8
Unarmed Combat | 4 6 7 8 |  8.0
Stealth        | |  1.0

Action                   |  1- 3 |  4- 6 |  7- 9 || total
-------------------------+-------+-------+-------++-------
Melee: Unarmed           |   112 |   151 |    54 ||   317
       Punch             |       |     7 |     2 ||     9
  Use: Scroll            |       |     2 |       ||     2
 Stab: Sleeping          |     2 |       |       ||     2
  Eat: Chunk             |    15 |    21 |     8 ||    44
Armor: Robe              |    34 |    43 |    10 ||    87
Dodge: Dodged            |    60 |    84 |    33 ||   177

Table legend:
 A = Spawn XP
 B = Non-spawn XP
 C = Spawn XP percentage of total XP
 D = Spawn monster count
 E = Non-spawn monster count
 F = Spawn count percentage of total count
 G = Total turns spent on level
                    A         B        C        D         E        F      G
               +---------+---------+-------+---------+---------+-------+---------
         Total |       0 |    1407 |   0.0 |       0 |     109 |   0.0 |  4353
               +---------+---------+-------+---------+---------+-------+---------
           D:1 |       0 |      43 |   0.0 |       0 |      17 |   0.0 |   629
           D:2 |       0 |      84 |   0.0 |       0 |      30 |   0.0 |  1133
           D:3 |       0 |     125 |   0.0 |       0 |      20 |   0.0 |   785
           D:4 |       0 |     387 |   0.0 |       0 |      21 |   0.0 |   896
           D:5 |       0 |     288 |   0.0 |       0 |      13 |   0.0 |   789
           D:6 |       0 |     480 |   0.0 |       0 |       8 |   0.0 |   121
               +---------+---------+-------+---------+---------+-------+---------
